 Dungeon Crawl Stone Soup version 0.28.0 (webtiles) character file.

Game seed: 4063655205560787816

460 Deca the Skirmisher (level 6, 0/56 HPs)
             Began as a Draconian Berserker on Feb 16, 2022.
             Was a Believer of Trog.
             Slain by a centaur warrior zombie (3 damage)
             ... on level 5 of the Dungeon.
             The game lasted 00:07:08 (3956 turns).

Deca the Skirmisher (Draconian Berserker)           Turns: 3956, Time: 00:07:08

Health: 0/56       AC:  7    Str: 22    XL:     6   Next: 78%
Magic:  6/6        EV: 13    Int:  7    God:    Trog [**....]
Gold:   194        SH:  0    Dex: 10    Spells: 5/5 levels left

rFire   . . .      SeeInvis .   g - +0 short sword (venom)
rCold   . . .      Faith    .   (no shield)
rNeg    . . .      Spirit   .   (armour unavailable)
rPois   .          Reflect  .   (helmet restricted)
rElec   .          Harm     .   (no cloak)
rCorr   .          Rampage  .   (no gloves)
Will    .....                   h - +0 pair of boots
Stlth   +.........              (no amulet)
HPRegen 0.18/turn               (no ring)
MPRegen 0.10/turn               (no ring)

@: no status effects
A: AC +6, unfitting armour, cold-blooded
a: Renounce Religion, Berserk, Trog's Hand


You were on level 5 of the Dungeon.
You worshipped Trog.
Trog was pleased with you.
You visited 1 branch of the dungeon, and saw 5 of its levels.

You collected 194 gold pieces.

Inventory:

Hand Weapons
 c - a +2 spear of freezing
 g - a +0 short sword of venom (weapon)
Armour
 h - a +0 pair of boots (worn)
Jewellery
 l - a ring of see invisible
 m - an amulet of guardian spirit
Scrolls
 a - a scroll of fog {unknown}
 d - 5 scrolls of identify {unknown}
 i - 2 scrolls of enchant armour {unknown}
 j - 2 scrolls of fear {unknown}
 k - a scroll of teleportation {unknown}
 o - a scroll of summoning {unknown}
 q - a scroll of magic mapping {unknown}
Potions
 b - 2 potions of attraction {unknown}
 e - a potion of resistance {unknown}
 f - a potion of ambrosia {unknown}
 n - a potion of curing {unknown}
 p - a potion of degeneration {unknown}


   Skills:
 + Level 5.5 Fighting
 + Level 4.8 Short Blades
 - Level 1.1 Polearms
 + Level 4.5 Dodging


You had 5 spell levels left.
You didn't know any spells.
Your spell library contained the following spells:

 Spells                   Type           Power      Damage    Failure   Level
 Foxfire                  Conj/Fire      0%         2x1d4     43%         1
 Pain                     Necr           0%         1d4       43%         1
 Conjure Flame            Conj/Fire      0%         6-21      80%         3
 Inner Flame              Hex/Fire       0%         N/A       80%         3
 Flame Wave               Conj/Fire      0%         2d4       99%         4
 Hailstorm                Conj/Ice       0%         3d3       99%         4
 Ice Form                 Ice/Tmut       0%         N/A       99%         4
 Agony                    Necr           0%         N/A       100%        5
 Excruciating Wounds      Necr           0%         N/A       100%        5
 Simulacrum               Ice/Necr       0%         N/A       100%        6


Dungeon Overview and Level Annotations

Branches:
Dungeon (5/15)
 Temple: D:4-7

Altars:
Fedhas
Sif Muna

Shops:
D:1 *


Innate Abilities, Weirdness & Mutations

Your plain brown scales are hard. (AC +6)
You cannot fit into any form of body armour.
You are cold-blooded and may be slowed by cold attacks.


Message History

You are too injured to fight recklessly!
You are too injured to fight recklessly!
You are too injured to fight recklessly!
You are too injured to fight recklessly!
You hit the centaur warrior zombie but do no damage.
The centaur warrior zombie is heavily damaged.
The centaur warrior zombie barely misses you.
The centaur warrior zombie kicks you.
You hit the centaur warrior zombie but do no damage.
You tail-slap the centaur warrior zombie.
The centaur warrior zombie is heavily damaged.
The centaur warrior zombie hits you.
The centaur warrior zombie barely misses you.
You barely miss the centaur warrior zombie.
Your tail-slap misses the centaur warrior zombie.
The centaur warrior zombie is heavily damaged.
The centaur warrior zombie hits you but does no damage.
The centaur warrior zombie kicks you.
* * * LOW HITPOINT WARNING * * *
You hit the centaur warrior zombie but do no damage.
The centaur warrior zombie is heavily damaged.
The centaur warrior zombie misses you. x2; The centaur warrior zombie hits you.
* * * LOW HITPOINT WARNING * * *
The centaur warrior zombie kicks you but does no damage.
You hit the centaur warrior zombie.
The centaur warrior zombie is severely damaged.
The centaur warrior zombie hits you.
* * * LOW HITPOINT WARNING * * *
The centaur warrior zombie kicks you but does no damage.
You hit the centaur warrior zombie.
The centaur warrior zombie is severely damaged.
The centaur warrior zombie hits you.
* * * LOW HITPOINT WARNING * * *
The centaur warrior zombie misses you.
You barely miss the centaur warrior zombie.
The centaur warrior zombie is severely damaged.
The centaur warrior zombie hits you.
* * * LOW HITPOINT WARNING * * *
The centaur warrior zombie kicks you.
You die...

####### #####
#...... #...
#(..?..####.###
......Z@......+
#......####.###
#...... #.#
####### #.#..
#.#.#..
###.#<#.##
#...#....#
#.###.#..# .
#.# #.#..###..


You could see a centaur warrior zombie.

Vanquished Creatures
  A water moccasin (D:4)
  Blork the orc (D:4)
  A howler monkey (D:3)
  A hound (D:4)
  A centaur skeleton (D:4)
  2 hound skeletons
  2 howler monkey skeletons
  5 adders
  2 ufetubi
  2 worms
  4 dart slugs
  12 ball pythons
  5 bats
  7 endoplasms
  2 giant cockroaches (D:4)
  10 goblins
  7 hobgoblins
  2 jackals (D:2)
  3 quokkas
  2 frilled lizards
  4 kobolds
  3 rats
79 creatures vanquished.

Notes
Turn   | Place    | Note
-------+----------+-------------------------------------------
     0 | D:1      | Deca the Draconian Berserker began the quest for the Orb.
     0 | D:1      | Reached XP level 1. HP: 19/19 MP: 1/1
   196 | D:1      | Reached XP level 2. HP: 21/26 MP: 2/2
   308 | D:1      | Found Sorup's Assorted Antiques.
   529 | D:1      | Reached skill level 1 in Polearms
   907 | D:2      | Reached XP level 3. HP: 29/33 MP: 3/3
  1018 | D:2      | Reached ** piety under Trog
  1072 | D:2      | Reached skill level 4 in Fighting
  1292 | D:2      | Reached XP level 4. HP: 26/40 MP: 4/4
  1513 | D:2      | Found a faded altar of an unknown god.
  2046 | D:3      | Found a shimmering blue altar of Sif Muna.
  2273 | D:3      | Reached XP level 5. HP: 47/47 MP: 5/5
  3037 | D:4      | Noticed Blork the orc
  3052 | D:4      | Killed Blork the orc
  3053 | D:4      | Reached skill level 5 in Fighting
  3053 | D:4      | Reached XP level 6. HP: 43/56 MP: 6/6
  3191 | D:4      | Noticed a water moccasin
  3204 | D:4      | Killed a water moccasin
  3850 | D:5      | Entered Level 5 of the Dungeon
  3850 | D:5      | Found a blossoming altar of Fedhas.
  3956 | D:5      | Slain by a centaur warrior zombie

Illustrated notes

Levels and vault maps discovered:
D:1:      dpeg_arrival_erosion, layout_basic, serial_shops, shop
D:2:      layout_loops_cross, chequers_ecumenical_altar_simple_redux
D:3:      layout_loops_ring, mainiacjoe_overflow_chevrons,
          chequers_serial_rivers_micro_b
D:4:      layout_gridville, uniq_blork_the_orc
D:5:      nicolae_BIG_FREAKIN_CUBE, layout_basic, fedhas_altar_2,
          gammafunk_ghost_necromancy, serial_rivers,
          chequers_serial_rivers_micro_e, chequers_serial_rivers_micro_d,
          chequers_serial_rivers_room_b, chequers_serial_rivers_micro_b,
          nicolae_specific_store, kennysheep_generic_room_9

Skill      XL: |  1  2  3  4  5 |
---------------+----------------+-----
Dodging        | 3 4 |  4.5
Polearms       | 1 |  1.1
Fighting       | 4 5 |  5.5
Short Blades   | 4 |  4.8

Action                   |  1- 3 |  4- 6 || total
-------------------------+-------+-------++-------
Melee: Short sword       |    71 |   193 ||   264
       Spear             |    37 |       ||    37
       Tailslap          |     8 |    27 ||    35
       Punch             |     2 |     3 ||     5
 Stab: Sleeping          |       |     1 ||     1
Armor: Skin              |    27 |    79 ||   106
Dodge: Dodged            |    57 |   124 ||   181
